 Dungeon Crawl Stone Soup version 0.25-a0-890-g62861fb (webtiles) character file.

Game seed: 9888364545143548558, levelgen mode: deterministic

104892 wirefist the Spry (level 15, -2/79 HPs)
             Began as a Spriggan Enchanter on May 5, 2020.
             Was the Champion of Vehumet.
             Slain by a seven-headed hydra (14 damage)
             ... on level 3 of the Swamp on May 8, 2020.
             The game lasted 02:49:41 (32790 turns).

wirefist the Spry (Spriggan Enchanter)             Turns: 32790, Time: 02:49:41

Health: -2/79      AC:  6    Str:  4    XL:     15   Next: 93%
Magic:  0/33       EV: 35    Int: 28    God:    Vehumet [******]
Gold:   1895       SH:  0    Dex: 25    Spells: 10/40 levels left

rFire    . . .     SeeInvis +   J - +2 dagger of Awkwardness {venom, *Corrode rElec SInv}
rCold    + . .     Gourm    .   (shield restricted)
rNeg     . . .     Faith    .   V - +2 robe {MR+}
rPois    .         Spirit   +   K - +1 hat
rElec    +         Reflect  .   R - +0 cloak of Yrudd {Dex+4}
rCorr    .         Harm     .   (gloves unavailable)
MR       +++..                  (boots unavailable)
Stlth    ++++++....             T - amulet "Adepitoeq" {Spirit rF+ Int+5}
HPRegen  0.23/turn              F - ring of ice
MPRegen  0.23/turn              a - ring of the Enemy {Wiz +Fly Dex+4}

@: very quick
A: very small, unfitting armour, see invisible, herbivore, speed 3, slow
metabolism 2
a: Renounce Religion, Evoke Flight


You were on level 3 of the Swamp.
You worshipped Vehumet.
Vehumet was exalted by your worship.
You were hungry.

You visited 6 branches of the dungeon, and saw 23 of its levels.
You also visited: Ossuary.

You collected 2308 gold pieces.
You spent 413 gold pieces at shops.

Inventory:

Hand Weapons
 o - a +1 dagger of electrocution
 z - the +10 trident of Bodily Humours {freeze, rF+}
   (You found it on level 9 of the Dungeon)

   It has been specially enchanted to freeze those struck by it, causing extra
   injury to most foes and up to half again as much damage against particularly
   susceptible opponents.
   It can also slow down cold-blooded creatures.
   It protects you from fire.
 G - a +3 dagger of holy wrath
 J - the +2 dagger of Awkwardness (weapon) {venom, *Corrode rElec SInv}
   (You bought it in a shop on level 2 of the Orcish Mines)

   It poisons the flesh of those it strikes.
   It insulates you from electricity.
   It lets you see invisible.
   It may corrode you when you take damage.
Armour
 H - a +2 robe of cold resistance
 I - a cursed +0 buckler
 K - a +1 hat (worn)
 R - the +0 cloak of Yrudd (worn) {Dex+4}
   (You acquired it on level 4 of the Lair of Beasts)

   It affects your dexterity (+4).
 V - a +2 robe of magic resistance (worn)
Jewellery
 a - the ring of the Enemy (right hand) {Wiz +Fly Dex+4}
   (You acquired it on level 5 of the Dungeon)

   [ring of wizardry]

   It improves your spell success rate.
   It affects your dexterity (+4).
   It lets you fly.
 f - an uncursed ring of stealth
 i - an uncursed ring of resist corrosion {unknown}
 q - a +2 amulet of reflection
 F - a ring of ice (left hand)
 Q - an uncursed amulet of magic regeneration
 T - the amulet "Adepitoeq" (around neck) {Spirit rF+ Int+5}
   (You acquired it on level 5 of the Lair of Beasts)

   [amulet of guardian spirit]

   It causes incoming damage to be split between your health and magic.
   It affects your intelligence (+5).
   It protects you from fire.
Wands
 k - a wand of acid (11)
 r - a wand of digging (11)
 y - a wand of paralysis (13)
 D - a wand of iceblast (9)
 W - a wand of disintegration (27)
Scrolls
 b - a scroll of summoning {unknown}
 c - 10 scrolls of remove curse
 e - a scroll of identify
 g - 8 scrolls of blinking
 j - a scroll of enchant weapon
 l - 6 scrolls of teleportation
 p - 3 scrolls of amnesia
 w - 2 scrolls of fog
 A - a scroll of holy word
 N - a scroll of magic mapping
Potions
 h - 3 potions of flight
 m - 4 potions of heal wounds
 n - 3 potions of magic
 s - 9 potions of curing
 t - 4 potions of might
 v - 2 potions of berserk rage
 C - 3 potions of cancellation
 E - 5 potions of haste
 P - 3 potions of brilliance
 U - 3 potions of ambrosia
 Z - 2 potions of invisibility
Miscellaneous
 u - a phial of floods
 M - a box of beasts
 S - 2 phantom mirrors
Comestibles
 d - 25 rations


   Skills:
 + Level 9.4 Fighting
 - Level 10.0 Short Blades
 - Level 0.5 Polearms
 + Level 15.1 Dodging
 + Level 12.7 Stealth
 + Level 6.9 Shields
 + Level 13.0 Spellcasting
 + Level 6.9 Conjurations
 - Level 8.0 Hexes
 + Level 7.5 Ice Magic
 + Level 8.5 Earth Magic


You had 10 spell levels left.
You knew the following spells:

 Your Spells              Type           Power        Failure   Level  Hunger
a - Tukima's Dance        Hex            ######..     1%          3    None
b - Ensorcelled Hibernat  Hex/Ice        ######       1%          2    None
c - Freeze                Ice            ####         1%          1    None
d - Stone Arrow           Conj/Erth      ######       1%          3    None
e - Iron Shot             Conj/Erth      ######....   2%          6    ####...
f - Hailstorm             Conj/Ice       ######..     1%          4    None
g - Ozocubu's Refrigerat  Ice            ######....   2%          6    ####...
h - Fireball              Conj/Fire      #####.....   2%          5    ##.....

Your spell library contained the following spells:

 Spells                   Type           Power        Failure   Level  Hunger
 Bolt of Magma            Conj/Fire/Erth #####.....   1%          5    ##.....
 Corona                   Hex            ######.      1%          1    None
 Slow                     Hex            ######..     1%          2    None
 Confusing Touch          Hex            ######..     1%          3    None
 Dazzling Flash           Conj/Hex       ######       1%          3    None
 Ignite Poison            Fire/Tmut/Pois ###.....     1%          3    None
 Inner Flame              Hex/Fire       #####...     1%          3    None
 Portal Projectile        Hex/Tloc       #####.       1%          3    None
 Summon Guardian Golem    Hex/Summ       #####...     1%          3    None
 Cause Fear               Hex            ######....   1%          4    None
 Leda's Liquefaction      Hex/Erth       ######....   1%          4    None
 Summon Mana Viper        Hex/Summ       #####...     6%          5    ##.....
 Starburst                Conj/Fire      #####.....   12%         6    ####...
 Summon Demon             Summ           ###.......   32%         5    ##.....
 Haunt                    Necr/Summ      ###.......   100%        7    ######.
 Ring of Flames           Chrm/Fire      ###.......   100%        7    ######.
 Borgnjor's Revivificati  Necr           ###.......   100%        8    #######
 Death's Door             Chrm/Necr      ###.......   100%        8    #######
 Ignition                 Fire           ###.......   100%        8    #######
 Infestation              Necr           ###.......   100%        8    #######
 Necromutation            Tmut/Necr      ###.......   100%        8    #######


Dungeon Overview and Level Annotations

Branches:
Dungeon (10/15)            Temple (1/1) D:6            Lair (6/6) D:9
  Swamp (3/4) Lair:2        Snake (0/4) Lair:3        Slime (1/5) Lair:6
    Orc (2/2) D:10            Elf (0/3) Orc:2       Ossuary (visited)

Altars:
Ashenzari
Cheibriados
Dithmenos
Elyvilon
Fedhas
Gozag
Hepliaklqana
Kikubaaqudgha
Makhleb
Nemelex Xobeh
Okawaru
Qazlal
Ru
Sif Muna
Trog
Uskayaw
Vehumet
Wu Jian
Xom
Yredelemnul
Zin
The Shining One
Beogh

Shops:
Orc:2 *((:}

Annotations:
Lair:4 exclusion: oklob plant
Lair:5 2 transporters, Ramawo's ghost, journeyman FoFi


Innate Abilities, Weirdness & Mutations

You are very small and have problems with some larger weapons.
You are too small for most types of armour.
You have supernaturally acute eyesight. (SInv)
You are a herbivore.
You cover ground extremely quickly.
You need to consume almost no food.


Message History

The bog body completely misses you. The bog body closely misses you.
Casting: Ensorcelled Hibernation (safe; 1% risk of failure)
Confirm with . or Enter, or press ? or * to list all spells.
Aiming: Ensorcelled Hibernation (safe; 1% risk of failure)
Press: ? - help, Shift-Dir - straight line, f/p - seven-headed hydra
Aim: a seven-headed hydra (chance to defeat MR: 37%)
You feel a surge of power!
The seven-headed hydra easily resists.
The seven-headed hydra bites you! x4
* * * LOW HITPOINT WARNING * * *
The seven-headed hydra closely misses you.
The seven-headed hydra completely misses you.
The seven-headed hydra bites you.
* * * LOW HITPOINT WARNING * * *
The bog body misses you. The bog body barely misses you.
The bog body barely misses you. The bog body completely misses you.
The seven-headed hydra completely misses you.
The seven-headed hydra bites you!
* * * LOW HITPOINT WARNING * * *
The seven-headed hydra bites you!
You die...

♣♣≈♣ ♣.≈≈≈≈≈♣♣≈.≈≈..†♣
♣≈. ♣...........≈§.♣♣ ♣
♣♣..≈≈≈≈≈≈...n.♣
♣(.≈≈≈≈≈≈≈≈.≈.♣
♣≈≈≈≈≈≈≈≈≈≈.≈.♣♣
♣♣♣♣.≈≈≈≈≈....≈♣♣♣
♣≈≈≈≈≈..≈≈....♣
♣♣♣♣♣.≈≈≈≈......(.♣
♣♣..@D..≈§.≈.≈≈≈..≈♣≈
♣.≈≈n†≈......≈≈≈≈..≈≈
♣♣≈≈≈.≈♣♣♣♣..≈≈≈.≈♣♣≈
♣≈..≈♣♣♣♣..†..♣...≈≈
♣♣≈..≈.w≈≈≈...≈♣.≈.♣
♣≈≈≈.≈≈...≈≈≈≈≈≈≈...≈.
♣.≈≈≈≈≈......≈≈..≈....
♣.≈≈≈≈≈≈≈..≈♣≈....≈...
♣≈..≈≈≈≈≈≈.♣♣♣♣♣≈.≈.≈≈≈


You could see a seven-headed hydra and a bog body.

Vanquished Creatures
  Jorgrun (Swamp:3)
  A very ugly thing (Swamp:3)
  13 hydras
  Fannar (Lair:2)
  A shambling mangrove (Swamp:1)
  A catoblepas (Lair:5)
  4 two-headed ogres
  A merfolk avatar (Lair:6)
  13 alligators
  2 orc high priests (Orc:2)
  11 death yaks
  An unseen horror (D:9)
  2 sea snakes (Lair:6)
  2 spriggan druids (Swamp:2)
  A lindwurm (Lair:6)
  A swamp dragon (Swamp:1)
  4 orc knights
  8 orc sorcerers
  A faun (Lair:2)
  A manticore (Lair:6)
  4 oklob plants (Lair:6)
  A cyclops (Orc:2)
  25 elephants
  A black mamba (Lair:6)
  Joseph (D:7)
  16 spiny frogs
  6 rime drakes
  9 komodo dragons
  3 trolls
  3 polar bears (Lair:6)
  12 hornets
  Prince Ribbit (D:7)
  7 bog bodies
  5 hippogriffs
  8 tyrant leeches
  16 blink frogs
  10 slime creatures
  A wind drake (Lair:6)
  Sigmund (D:3)
  A vampire (D:10)
  28 yaks
  18 spriggans
  A wyvern (Lair:5)
  A basilisk (Lair:2)
  A hungry ghost (D:8)
  Grum (D:10)
  9 vampire mosquitoes
  3 wargs
  5 nagas (Lair:3)
  9 swamp worms
  18 insubstantial wisps
  11 porcupines
  12 water moccasins
  Duvessa (D:7)
  4 swamp drakes
  3 phantoms
  3 ice beasts
  3 sky beasts
  A necrophage (D:8)
  21 orc warriors
  9 ogres
  3 boggarts (Lair:3)
  29 wolves
  4 centaurs
  14 crocodiles
  2 big kobolds
  8 bullfrogs
  Dowan (D:7)
  A scorpion (D:8)
  6 wights
  2 vampire bats (D:5)
  3 howler monkeys
  A crimson imp (D:5)
  A centaur zombie (Ossuary)
  A bullfrog zombie (D:6)
  2 quasits
  3 human zombies (Ossuary)
  36 orc wizards
  A gnoll shaman (D:5)
  Crazy Yiuf (D:5)
  34 orc priests
  3 hounds
  11 jellies
  A bullfrog skeleton (D:8)
  3 centaur skeletons
  An iguana (D:5)
  Jessica (D:3)
  6 worker ants
  2 hell rats (Lair:4)
  A killer bee zombie (D:9)
  5 big kobold zombies (Ossuary)
  A hound zombie (D:9)
  2 hound skeletons
  2 mummies (Ossuary)
  9 adders
  13 gnolls
  10 river rats (Lair:4)
  2 shadow imps (D:6)
  3 oozes (Lair:6)
  3 adder zombies
  An adder skeleton (D:5)
  A dart slug (D:1)
  11 leopard geckos
  81 orcs
  4 ball pythons
  2 bat skeletons (D:5)
  3 bat zombies (D:5)
  6 giant cockroaches
  8 goblins
  7 hobgoblins
  18 jackals
  5 quokkas
  5 bats
  6 frilled lizards
  2 gnoll zombies (D:8)
  11 hobgoblin zombies (Ossuary)
  18 kobolds
  6 kobold zombies (Ossuary)
  3 leopard gecko skeletons
  7 orc zombies (Ossuary)
  A quokka zombie (D:6)
  13 rats
  4 rat zombies
  A fungus (D:5)
  A plant (Lair:6)
820 creatures vanquished.

Vanquished Creatures (collateral kills)
  A two-headed ogre (D:10)
  4 wights
  An orc wizard (D:10)
6 creatures vanquished.

Vanquished Creatures (others)
  A dancing weapon (D:6)
  22 fungi
  19 plants
42 creatures vanquished.

Grand Total: 868 creatures vanquished

Notes
Turn   | Place    | Note
-------+----------+-------------------------------------------
     0 | D:1      | wirefist the Spriggan Enchanter began the quest for the
                  | Orb.
     0 | D:1      | Reached XP level 1. HP: 9/9 MP: 5/5
   189 | D:1      | Reached XP level 2. HP: 13/13 MP: 6/6
   196 | D:1      | Learned a level 2 spell: Ensorcelled Hibernation
   625 | D:1      | Reached XP level 3. HP: 16/17 MP: 6/8
  1385 | D:2      | Reached skill level 1 in Fighting
  1420 | D:2      | Reached skill level 5 in Stealth
  1420 | D:2      | Reached XP level 4. HP: 22/22 MP: 6/9
  1805 | D:2      | Found an ornate altar of the Wu Jian Council.
  2563 | D:3      | Noticed Jessica
  2584 | D:3      | Killed Jessica
  2584 | D:3      | Reached skill level 4 in Dodging
  2642 | D:3      | Reached XP level 5. HP: 24/25 MP: 6/11
  2715 | D:3      | Noticed Sigmund
  2844 | D:3      | Reached skill level 1 in Ice Magic
  2996 | D:3      | Killed Sigmund
  2996 | D:3      | Reached XP level 6. HP: 8/30 MP: 12/12
  3482 | D:4      | Found a radiant altar of Vehumet.
  3492 | D:4      | Became a worshipper of Vehumet
  3752 | D:4      | Reached skill level 5 in Hexes
  4119 | D:4      | Reached skill level 5 in Dodging
  4119 | D:4      | Reached XP level 7. HP: 17/35 MP: 14/14
  4364 | D:4      | Learned a level 3 spell: Tukima's Dance
  4391 | D:5      | Entered Level 5 of the Dungeon
  4446 | D:5      | Reached * piety under Vehumet
  4446 | D:5      | Offered knowledge of Freeze by Vehumet.
  4450 | D:5      | Found an ancient bone altar of Kikubaaqudgha.
  4453 | D:5      | Learned a level 1 spell: Freeze
  4509 | D:5      | Found an opulent altar of Gozag.
  4567 | D:5      | Found a sand-covered staircase.
  4757 | Ossuary  | Entered an ossuary
  5001 | Ossuary  | Offered knowledge of Sandblast by Vehumet.
  5023 | Ossuary  | Reached ** piety under Vehumet
  5369 | Ossuary  | Reached XP level 8. HP: 39/39 MP: 16/16
  5464 | D:5      | Found a stormy altar of Qazlal.
  5465 | D:5      | Noticed an air elemental
  5732 | D:5      | Offered knowledge of Inner Flame by Vehumet.
  5732 | D:5      | Reached skill level 5 in Spellcasting
  5778 | D:5      | Reached skill level 6 in Dodging
  6352 | D:5      | Found an iron altar of Okawaru.
  6360 | D:5      | Reached *** piety under Vehumet
  6458 | D:5      | Found a runed translucent door.
  6459 | D:5      | Noticed Crazy Yiuf
  6465 | D:5      | Killed Crazy Yiuf
  6474 | D:5      | Identified a scroll of acquirement
  6474 | D:5      | Identified the ring of the Enemy {Wiz +Fly Dex+4} (You
                  | acquired it on level 5 of the Dungeon)
  6523 | D:6      | Found a staircase to the Ecumenical Temple.
  6818 | D:6      | Reached XP level 9. HP: 36/44 MP: 12/18
  6857 | D:6      | Reached skill level 7 in Dodging
  6902 | D:6      | Offered knowledge of Static Discharge by Vehumet.
  6925 | D:6      | Reached skill level 5 in Short Blades
  7179 | Temple   | Entered the Ecumenical Temple
  7957 | D:7      | Noticed Joseph
  7963 | D:7      | Killed Joseph
  8299 | D:7      | Reached **** piety under Vehumet
  8317 | D:7      | Found a sacrificial altar of Ru.
  8319 | D:7      | Noticed Duvessa
  8320 | D:7      | Found a hide-covered altar of Uskayaw.
  8326 | D:7      | Noticed Dowan
  8330 | D:7      | Killed Duvessa
  8339 | D:7      | Killed Dowan
  8340 | D:7      | Found a hazy altar of Hepliaklqana.
  8428 | D:7      | Reached skill level 8 in Dodging
  8435 | D:7      | Offered knowledge of Stone Arrow by Vehumet.
  8441 | D:7      | Learned a level 3 spell: Stone Arrow
  8456 | D:7      | Noticed Prince Ribbit
  8462 | D:7      | Killed Prince Ribbit
  9020 | D:8      | Reached XP level 10. HP: 39/51 MP: 10/21
  9023 | D:8      | Noticed a two-headed ogre
  9025 | D:8      | Killed a two-headed ogre
  9490 | D:8      | Found a basalt altar of Yredelemnul.
  9605 | D:8      | Found a burning altar of Makhleb.
  9814 | D:9      | Reached skill level 10 in Stealth
  9855 | D:9      | Noticed a two-headed ogre
  9859 | D:9      | Killed a two-headed ogre
  9878 | D:9      | Reached skill level 9 in Dodging
  9907 | D:9      | Got a transparent trident
  9908 | D:9      | Identified the +10 trident of Bodily Humours {freeze, rF+}
                  | (You found it on level 9 of the Dungeon)
  9945 | D:9      | Reached skill level 5 in Fighting
 10149 | D:9      | Noticed an unseen horror
 10152 | D:9      | Killed an unseen horror
 10152 | D:9      | Reached skill level 5 in Ice Magic
 10169 | D:9      | Found a staircase to the Lair.
 10339 | D:9      | Found a shattered altar of Ashenzari.
 10371 | D:9      | Reached ***** piety under Vehumet
 10374 | D:9      | Offered knowledge of Iron Shot by Vehumet.
 10382 | D:9      | Learned a level 6 spell: Iron Shot
 10466 | D:9      | Found a bloodstained altar of Trog.
 10942 | D:9      | Reached XP level 11. HP: 37/56 MP: 24/24
 11176 | D:10     | Entered Level 10 of the Dungeon
 11412 | D:10     | Noticed Grum
 11968 | D:10     | Killed Grum
 11993 | D:10     | Noticed a two-headed ogre
 11997 | D:10     | Killed a two-headed ogre
 11997 | D:10     | Reached skill level 1 in Conjurations
 11997 | D:10     | Reached skill level 1 in Earth Magic
 12025 | D:10     | Noticed a two-headed ogre
 12039 | D:10     | Killed a two-headed ogre
 12214 | D:10     | Reached skill level 10 in Dodging
 12287 | D:10     | Reached skill level 1 in Shields
 12826 | D:10     | Found a staircase to the Orcish Mines.
 13516 | Lair:1   | Entered Level 1 of the Lair of Beasts
 14720 | Lair:1   | Noticed a seven-headed hydra
 14727 | Lair:1   | Killed a seven-headed hydra
 14742 | Lair:1   | Reached XP level 12. HP: 43/62 MP: 19/26
 15014 | Lair:1   | Noticed a six-headed hydra
 15028 | Lair:1   | Killed a six-headed hydra
 15028 | Lair:1   | Reached skill level 11 in Dodging
 15915 | Lair:3   | Noticed Fannar
 15970 | Lair:2   | Killed Fannar
 16134 | Lair:2   | Noticed a death yak
 16329 | Lair:2   | Noticed a death yak
 16493 | Lair:2   | Reached skill level 10 in Spellcasting
 16545 | Lair:2   | Found a staircase to the Swamp.
 16899 | Swamp:1  | Entered Level 1 of the Swamp
 16901 | Swamp:1  | Offered knowledge of Hailstorm by Vehumet.
 16909 | Lair:2   | Learned a level 4 spell: Hailstorm
 17413 | Lair:2   | Noticed a death yak
 17416 | Lair:2   | Noticed a death yak
 17430 | Lair:2   | Noticed a death yak
 17682 | Lair:3   | Noticed a death yak
 17682 | Lair:3   | Noticed a death yak
 17683 | Lair:3   | Noticed a death yak
 17687 | Lair:3   | Noticed a death yak
 17687 | Lair:3   | Noticed a death yak
 17688 | Lair:3   | Noticed a death yak
 17951 | Lair:3   | Noticed a four-headed hydra
 17965 | Lair:3   | Killed a four-headed hydra
 18156 | Lair:2   | Killed a death yak
 18421 | Lair:2   | Killed a death yak
 18421 | Lair:2   | Reached skill level 12 in Dodging
 18471 | Lair:2   | Killed a death yak
 18536 | Lair:2   | Killed a death yak
 18536 | Lair:2   | Reached skill level 5 in Earth Magic
 18893 | Lair:2   | Killed a death yak
 18893 | Lair:2   | Reached XP level 13. HP: 45/67 MP: 12/28
 19201 | Lair:3   | Found a staircase to the Snake Pit.
 20980 | Lair:4   | Offered knowledge of Ozocubu's Refrigeration by Vehumet.
 20997 | Lair:4   | Learned a level 6 spell: Ozocubu's Refrigeration
 21805 | Lair:4   | Identified the +0 buckler of the Pink Corner {rC+} (You
                  | acquired it on level 4 of the Lair of Beasts)
 21812 | Lair:4   | Identified the +3 demon blade of Kindness {flame, +Fly
                  | rPois Dex-4 Stlth+} (You acquired it on level 4 of the Lair
                  | of Beasts)
 21812 | Lair:4   | Identified the +0 cloak of Yrudd {Dex+4} (You acquired it
                  | on level 4 of the Lair of Beasts)
 22031 | Lair:5   | Reached skill level 10 in Short Blades
 22106 | Lair:5   | Reached skill level 13 in Dodging
 22146 | Lair:5   | Learned a level 5 spell: Fireball
 22384 | Lair:5   | Found a transporter.
 22400 | Lair:5   | Found a transporter.
 22403 | Lair:5   | Noticed Ramawo's ghost (journeyman FoFi)
 22425 | Lair:5   | Identified the amulet "Adepitoeq" {Spirit rF+ Int+5} (You
                  | acquired it on level 5 of the Lair of Beasts)
 22893 | Lair:6   | Entered Level 6 of the Lair of Beasts
 23030 | Lair:6   | Reached skill level 5 in Shields
 23030 | Lair:6   | Reached skill level 5 in Conjurations
 23648 | Lair:6   | Reached XP level 14. HP: 73/73 MP: 25/30
 23654 | Lair:6   | Found a staircase to the Slime Pits.
 23798 | Slime:1  | Entered Level 1 of the Pits of Slime
 23816 | Lair:6   | Offered knowledge of Freezing Cloud by Vehumet.
 25724 | Lair:6   | Identified the Catalogue of Fetching Companions
 26603 | Orc:1    | Entered Level 1 of the Orcish Mines
 26853 | Orc:1    | Reached skill level 14 in Dodging
 26889 | Orc:1    | Offered knowledge of Conjure Ball Lightning by Vehumet.
 27152 | Orc:2    | Entered Level 2 of the Orcish Mines
 27152 | Orc:2    | Found a staircase to the Elven Halls.
 27152 | Orc:2    | Found Odauk's General Store.
 27816 | Orc:2    | Bought a ration for 70 gold pieces
 27816 | Orc:2    | Bought a ration for 70 gold pieces
 27816 | Orc:2    | Bought a potion of brilliance for 56 gold pieces
 27964 | Orc:2    | Found Mifretim's Antique Weapon Shop.
 27965 | Orc:2    | Found Lollefusu's Antique Weapon Shop.
 27966 | Orc:2    | Found Aphi's Gadget Boutique.
 27969 | Orc:2    | Found Okkiq's Book Boutique.
 27973 | Orc:2    | Bought a dazzling dagger for 217 gold pieces
 28023 | Orc:2    | Identified the +2 dagger of Awkwardness {venom, *Corrode
                  | rElec SInv} (You bought it in a shop on level 2 of the
                  | Orcish Mines)
 28063 | Orc:2    | Found a runed translucent door.
 28099 | Orc:2    | Found a roughly hewn altar of Beogh.
 29387 | Lair:1   | Reached XP level 15. HP: 69/78 MP: 13/32
 30569 | Swamp:1  | Reached ****** piety under Vehumet
 30829 | Swamp:2  | Offered knowledge of Bolt of Magma by Vehumet.
 32007 | Swamp:2  | Reached skill level 15 in Dodging
 32550 | Swamp:3  | Noticed Jorgrun
 32559 | Swamp:3  | Killed Jorgrun
 32790 | Swamp:3  | Slain by a seven-headed hydra

Levels and vault maps discovered:
D:1:      lightli_arrival_lavapool, layout_loops_ring, serial_forest,
          infiniplex_forest_side_room, infiniplex_forest_clump_C,
          infiniplex_forest_straight_4, infiniplex_forest_clump_medium,
          infiniplex_forest_end_3
D:2:      layout_basic, lemuel_doored_altar, first_ration
D:3:      layout_rooms, minmay_pentomino_pile, uniq_jessica, uniq_sigmund
D:4:      layout_loops_cross, vehumet_crystals
D:5:      layout_loops_ring, lemuel_round_altar,
          nicolae_qazlal_style_of_elements, lemuel_round_altar,
          kennysheep_vampire_church, enter_ossuary_4, skrybe_limestone_x,
          uniq_crazy_yiuf_cottage
D:6:      layout_basic, minmay_temple_entry_glass
D:7:      layout_loops_corners, lemuel_crystal_altar,
          chequers_temple_overflow_statue_of_worship, uniq_prince_ribbit1,
          uniq_joseph, uniq_duvessa
D:8:      layout_loops_ring, makhleb_blood_cavern_becter,
          lemuel_zombie_altar_yredelemnul
D:9:      layout_irregular_city, bloody_trog, lemuel_round_altar,
          lair_entry_dummy, grunt_ogre_cave, minmay_holes, minmay_quadrilaterals
D:10:     layout_gridville, david_orc_1_choice, uniq_grum
Temple:   jpeg_temple_island
Lair:1:   layout_cave_shapes, beast_lair_carwin_3, infiniplex_staircase_pool
Lair:2:   layout_cave_pods, minmay_swamp_entry_wisps, minivault_23,
          grunt_forest_large_clearings, serial_bayou_shore_a
Lair:3:   kb_forest_paths, layout_chaotic_city,
          minmay_snake_entry_guardpost_medium, uniq_rupert, uniq_fannar
Lair:4:   layout_hall_layers, minmay_lair_oklob_items, kennysheep_rathole,
          grunt_megastairs_3
Lair:5:   layout_misc_corridors, gammafunk_ghost_berserking_beasts
Lair:6:   gammafunk_lair_ancient_temple, layout_regular_city,
          minmay_slime_entry_jelly_boxes, minmay_lair_oklob_chamber
Swamp:1:  layout_basic_swamp, evilmike_swamp_ruin_house_2
Swamp:2:  layout_basic_swamp, evilmike_swamp_ruin_house_1
Swamp:3:  layout_basic_swamp, nicolae_swamp_dense_foliage, swamp_pool4,
          hangedman_swamp_muck, uniq_jorgrun
Slime:1:  cheibrodos_slime_lost_civilization_8, layout_caves,
          cheibrodos_slime_lost_civilization_6
Orc:1:    layout_diamond_mine
Orc:2:    st_orc_mages, layout_caves, serial_shops, shop,
          lightli_church_of_beogh

Skill      XL: |  1  2  3  4  5  6  7  8  9 10 11 12 13 14 15 |
---------------+----------------------------------------------+-----
Spellcasting   | 3 4 5 6 8 9 10 11 12 13 | 13.0
Hexes          | 4 5 6 7 8 |  8.0
Fighting       | 1 2 3 4 5 6 7 8 9 |  9.4
Stealth        | 5 6 8 9 11 12 | 12.7
Short Blades   | 2 3 4 5 7 8 9 10 | 10.0
Dodging        | 4 5 6 8 9 10 12 13 14 15 | 15.1
Ice Magic      | 1 2 3 4 5 6 7 |  7.5
Conjurations   | 2 4 5 6 |  6.9
Earth Magic    | 3 5 6 7 8 |  8.5
Shields        | 2 4 5 6 |  6.9
Polearms       | |  0.5

Action                   |  1- 3 |  4- 6 |  7- 9 | 10-12 | 13-15 || total
-------------------------+-------+-------+-------+-------+-------++-------
Melee: Dagger            |   112 |   272 |   512 |   497 |   650 ||  2043
       Rapier            |       |       |       |   156 |       ||   156
       Trident           |       |       |       |    23 |       ||    23
 Cast: Ensorcelled Hiber |     7 |    43 |    61 |   142 |   285 ||   538
       Freeze            |       |       |    14 |       |       ||    14
       Tukima's Dance    |       |       |    13 |    10 |       ||    23
       Stone Arrow       |       |       |     5 |    90 |   177 ||   272
       Hailstorm         |       |       |       |    10 |    26 ||    36
       Iron Shot         |       |       |       |       |    15 ||    15
       Ozocubu's Refrige |       |       |       |       |    30 ||    30
       Fireball          |       |       |       |       |    15 ||    15
  Use: Scroll            |     2 |     4 |    12 |     9 |    16 ||    43
       Potion            |       |     5 |       |     1 |     2 ||     8
 Stab: Sleeping          |    22 |    35 |    56 |   102 |   182 ||   397
       Distracted        |       |       |     2 |     5 |     4 ||    11
       Petrified         |       |       |       |       |     1 ||     1
  Eat: Ration            |       |     2 |     3 |     5 |    13 ||    23
Armor: Robe              |     6 |    42 |    28 |    36 |    31 ||   143
Dodge: Dodged            |    84 |   277 |   344 |   583 |   770 ||  2058
Block: Other             |       |       |     6 |    41 |     3 ||    50

Table legend:
 A = Non-vault XP
 B = Vault XP
 C = Vault XP percentage of total XP
 D = Non-vault monster count
 E = Vault monster count
 F = Vault count percentage of total count
                 A         B        C        D         E       F
            +---------+---------+-------+---------+---------+-------
      Total |  106825 |   43021 |  28.7 |     567 |     257 |  31.2
            +---------+---------+-------+---------+---------+-------
        D:1 |      51 |       0 |   0.0 |      23 |       0 |   0.0
        D:2 |      87 |       0 |   0.0 |      30 |       0 |   0.0
        D:3 |      61 |     263 |  81.2 |      23 |       4 |  14.8
        D:4 |     395 |       0 |   0.0 |      17 |       0 |   0.0
        D:5 |     954 |     165 |  14.7 |      33 |      10 |  23.3
        D:6 |    1235 |       0 |   0.0 |      29 |       0 |   0.0
        D:7 |     630 |     937 |  59.8 |      22 |       4 |  15.4
        D:8 |    1726 |     144 |   7.7 |      26 |       4 |  13.3
        D:9 |    6012 |    1988 |  24.9 |      45 |       8 |  15.1
       D:10 |    4077 |     593 |  12.7 |      38 |      10 |  20.8
     Lair:1 |    8335 |    1220 |  12.8 |      20 |       7 |  25.9
     Lair:2 |   10269 |    4246 |  29.3 |      21 |      23 |  52.3
     Lair:3 |    5060 |    5029 |  49.8 |      20 |      24 |  54.5
     Lair:4 |    3554 |    2192 |  38.1 |      14 |      19 |  57.6
     Lair:5 |    8380 |       0 |   0.0 |      23 |       0 |   0.0
     Lair:6 |    9981 |   13837 |  58.1 |      31 |      45 |  59.2
    Swamp:1 |   14788 |       0 |   0.0 |      37 |       0 |   0.0
    Swamp:2 |   20889 |       0 |   0.0 |      49 |       0 |   0.0
    Swamp:3 |    3829 |    3096 |  44.7 |       8 |       1 |  11.1
      Orc:1 |    4560 |      80 |   1.7 |      41 |       2 |   4.7
      Orc:2 |    1952 |    8860 |  81.9 |      17 |      58 |  77.3
    Ossuary |       0 |     371 | 100.0 |       0 |      38 | 100.0
            +---------+---------+-------+---------+---------+-------
